 Dungeon Crawl Stone Soup version 0.28-a0-1184-g53156a8862 (console) character file.

Game seed: 14553006996421188849

1573 Goblin1989 the Cutter (level 8, -5/61 HPs)
             Began as a Demonspawn Delver on Dec 17, 2021.
             Was a Believer of Uskayaw.
             Killed by divine providence
             ... invoked by an orc priest
              (13 damage)
             ... on level 6 of the Dungeon.
             The game lasted 00:28:02 (7345 turns).

Goblin1989 the Cutter (Demonspawn Delver)           Turns: 7345, Time: 00:28:02

Health: -5/61      AC:  8    Str: 14    XL:     8   Next: 59%
Magic:  11/11      EV: 13    Int: 12    God:    Uskayaw [**....]
Gold:   222        SH:  0    Dex: 15    Spells: 7/7 levels left

rFire   . . .      SeeInvis +   a - +0 short sword
rCold   + . .      Faith    .   (no shield)
rNeg    . . .      Spirit   .   b - +0 leather armour
rPois   .          Reflect  .   Z - +0 helmet
rElec   .          Harm     .   (no cloak)
rCorr   .          Rampage  .   (no gloves)
Will    .....                   P - +0 pair of boots
Stlth   +++.......              (no amulet)
HPRegen 0.20/turn               s - ring of see invisible
MPRegen 0.12/turn               c - ring of protection from cold

@: no status effects
A: slimy green scales 2, demonic magic 2, demonic touch 1
a: Renounce Religion, Stomp, Line Pass


You were on level 6 of the Dungeon.
You worshipped Uskayaw.
Uskayaw was noncommittal.
You visited 2 branches of the dungeon, and saw 7 of its levels.

You collected 222 gold pieces.

Inventory:

Hand Weapons
 a - a +0 short sword (weapon)
Armour
 b - a +0 leather armour (worn)
 G - a +1 pair of boots
 P - a +0 pair of boots (worn)
 Z - a +0 helmet (worn)
Jewellery
 c - a ring of protection from cold (right hand)
 s - a ring of see invisible (left hand)
 F - a ring of fire
 K - a +6 ring of intelligence
 L - a ring of willpower
 X - a ring of willpower
Wands
 g - a wand of digging (3) {@v1}
 C - a wand of mindburst (15)
 Q - a wand of paralysis (10) {@v7}
 Y - a wand of flame (14) {@v6}
Scrolls
 e - 2 scrolls of fear
 B - a scroll of silence {unknown}
 D - a scroll of immolation {unknown}
 H - 3 scrolls of vulnerability {unknown}
 M - 2 scrolls of magic mapping
 N - a scroll of amnesia {unknown}
 R - a scroll of identify {@r1}
 T - a scroll of noise {unknown}
 V - 4 scrolls of fog
 W - a scroll of blinking {unknown}
Potions
 f - a potion of haste {@q3,}
 E - 2 potions of degeneration {unknown}
 I - a potion of attraction {unknown}
 J - a potion of lignification {unknown}
 O - a potion of invisibility
 S - a potion of curing {@q1}
 U - a potion of cancellation


   Skills:
 + Level 4.8 Fighting
 * Level 7.2 Short Blades
 + Level 3.8 Dodging
 - Level 6.0 Stealth
 + Level 4.7 Invocations


You had 7 spell levels left.
You didn't know any spells.
Your spell library contained the following spells:

 Spells                   Type           Power      Damage    Failure   Level
 Sandblast                Erth           0%         2d4       38%         1
 Passwall                 Tmut/Erth      0%         N/A       54%         2
 Call Canine Familiar     Summ           0%         N/A       77%         3
 Portal Projectile        Hex/Tloc       0%         N/A       77%         3
 Stone Arrow              Conj/Erth      0%         3d7       77%         3
 Leda's Liquefaction      Hex/Erth       0%         N/A       99%         4
 Iskenderun's Battlesphe  Conj           0%         2d6       100%        5
 Iron Shot                Conj/Erth      0%         9d1       100%        6
 Spellforged Servitor     Conj/Summ      0%         N/A       100%        7


Dungeon Overview and Level Annotations

Branches:
Dungeon (6/15)             Temple (1/1) D:4

Altars:
Ashenzari
Cheibriados
Dithmenos
Elyvilon
Fedhas
Gozag
Hepliaklqana
Kikubaaqudgha
Makhleb
Nemelex Xobeh
Okawaru
Qazlal
Ru
Sif Muna
Trog
Uskayaw
Vehumet
Wu Jian
Xom
Yredelemnul
Zin
The Shining One

Annotations:
D:6 1 runed translucent door


Innate Abilities, Weirdness & Mutations

You are mostly covered in slimy green scales. (AC +3)
Spells you cast may paralyse nearby enemies.
Your touch may inflict minor irresistible damage on your foes.


Message History

The orc is heavily wounded.
The orc priest hits you from afar with a +0 trident.
You take 4 damage, and have 57/61 hp.
You closely miss the orc.
The orc is heavily wounded.
The orc hits you with a +0 hand axe.
You take 6 damage, and have 51/61 hp.
You closely miss the orc.
The orc is heavily wounded.
The orc priest begins to cast a cantrip, but forgets the words!
The orc barely misses you. The orc hits you but does no damage.
The orc wizard hits you but does no damage.
You hit the orc.
The orc is almost dead.
The orc priest misses you.
You hit the orc.
You kill the orc!
The orc barely misses you.
The orc priest hits you from afar with a +0 trident.
You take 4 damage, and have 47/61 hp.
You hit the orc wizard.
You touch the orc wizard.
The orc wizard is severely wounded.
The orc hits you but does no damage. The orc wizard closely misses you.
You hit the orc wizard.
You touch the orc wizard.
You kill the orc wizard!
The orc hits you with a +0 hand axe.
The orc priest hits you from afar with a +0 trident.
The orc hits you with a +0 hand axe.
You can now pass through a line of other dancers.
You take 7 damage, and have 41/61 hp.
You barely miss the orc. The orc misses you.
The orc priest hits you from afar with a +0 trident.
You take 2 damage, and have 39/61 hp.
You hit the orc. Your touch misses the orc.
The orc is moderately wounded.
The orc hits you but does no damage. x2; The orc priest closely misses you.
You hit the orc but do no damage.
The orc is moderately wounded.
The orc completely misses you.
You barely miss the orc.
The orc is moderately wounded.
The orc misses you.
The orc priest hits you but does no damage.
The orc barely misses you.
You closely miss the orc.
The orc is moderately wounded.
The orc barely misses you.
The orc priest hits you from afar with a +0 trident.
You take 5 damage, and have 34/61 hp.
You are too injured to fight recklessly!
You are too injured to fight recklessly!
You are too injured to fight recklessly!
You are too injured to fight recklessly!
You are too injured to fight recklessly!
You are too injured to fight recklessly!
You are too injured to fight recklessly!
You are too injured to fight recklessly!
You are too injured to fight recklessly!
You are too injured to fight recklessly!
You are too injured to fight recklessly!
You are too injured to fight recklessly!
You are too injured to fight recklessly!
You are too injured to fight recklessly!
You are too injured to fight recklessly!
You are too injured to fight recklessly!
You are too injured to fight recklessly!
You are too injured to fight recklessly!
You hit the orc.
You kill the orc!
The orc hits you with a +0 hand axe.
The orc priest hits you but does no damage.
You take 2 damage, and have 32/61 hp.
You hit the orc.
You touch the orc.
You kill the orc!
The orc priest misses you.
Things that are here:
a +0 hand axe; a +0 ring mail You barely miss the orc priest.
The orc priest hits you with a +0 trident.
You take 3 damage, and have 29/61 hp.
You hit the orc priest but do no damage.
The orc priest invokes the aid of Beogh against you.
Beogh smites you!
* * * LOW HITPOINT WARNING * * *
You take 10 damage, and have 19/61 hp.
You hit the orc priest but do no damage.
You hit the orc priest but do no damage.
The orc priest hits you with a +0 trident!
* * * LOW HITPOINT WARNING * * *
You take 6 damage, and have 13/61 hp.
You hit the orc priest.
The orc priest is moderately wounded.
The orc priest hits you with a +0 trident.
* * * LOW HITPOINT WARNING * * *
You take 5 damage, and have 8/61 hp.
You hit the orc priest.
The orc priest is heavily wounded.
The orc priest invokes the aid of Beogh against you.
Beogh smites you!
You die...

........................█.█.█.█
████..................███.█...█
█..................█ █.█.█.███
█..................█ █.█.....█
█..................███.█.█.█.█
█.█████............∆.......█.█
█.█ ████████.......███........
█.█ █..............█ ██..███.█
█.█ █.█████████....█ ......█..
█.█ █.█.(....).....██...██████
█.█ █.█.....o@)....██..██ █..
█.███.█......████████.. ██.█
█.....█$.....█ █.█ █..█
███████......█ █.█ █.██
██.....█ █.█ █.█


██████ █.█ █.█ █.█████.█ █.......█ ██.███████ █..█ █.██ You could see an orc
priest.

Vanquished Creatures
  Sigmund (D:3)
  A necrophage (D:4)
  A black bear (D:5)
  4 ogres
  A sky beast (D:3)
  A bullfrog (D:6)
  2 scorpions
  A bullfrog zombie (D:6)
  5 hounds
  A scorpion zombie (D:5)
  Jessica (D:3)
  A bullfrog skeleton (D:4)
  2 iguanas (D:4)
  Terence (D:2)
  2 orc wizards
  A howler monkey zombie (D:6)
  4 gnolls
  6 adders
  A white imp (D:5)
  An ufetubus (D:6)
  2 adder skeletons (D:4)
  3 worms (D:2)
  3 dart slugs
  10 orcs
  6 bats
  6 endoplasms
  A giant cockroach (D:1)
  8 goblins
  8 hobgoblins
  10 jackals
  A quokka (D:2)
  9 ball pythons
  2 frilled lizards
  6 kobolds
  9 rats
122 creatures vanquished.

Notes
Turn   | Place    | Note
-------+----------+-------------------------------------------
     0 | D:5      | Goblin1989 the Demonspawn Delver began the quest for the
                  | Orb.
     0 | D:5      | Reached XP level 1. HP: 18/18 MP: 1/1
   273 | D:4      | Found a staircase to the Ecumenical Temple.
   282 | Temple   | Entered the Ecumenical Temple
   651 | Temple   | Became a worshipper of Uskayaw the Reveller
   693 | Temple   | Reached * piety under Uskayaw
   694 | Temple   | Reached skill level 2 in Short Blades
  1009 | D:4      | Reached ** piety under Uskayaw
  1010 | D:4      | Gained mutation: You are partially covered in slimy green
                  | scales. (AC +2) [demonic ancestry]
  1010 | D:4      | Reached XP level 2. HP: 13/24 MP: 2/2
  1647 | Temple   | Reached skill level 3 in Short Blades
  1647 | Temple   | Reached skill level 5 in Stealth
  1647 | Temple   | Reached XP level 3. HP: 19/29 MP: 3/3
  1825 | D:4      | Gained mutation: Spells you cast may paralyse adjacent
                  | enemies. [demonic ancestry]
  1825 | D:4      | Reached XP level 4. HP: 29/35 MP: 4/4
  1891 | D:3      | Noticed Sigmund
  1918 | D:4      | Noticed a necrophage
  1930 | D:4      | DEFE: Такс такс такс
  1932 | D:4      | Reached *** piety under Uskayaw
  1933 | D:4      | Killed a necrophage
  1934 | D:4      | Reached skill level 4 in Short Blades
  1934 | D:4      | DEFE: что тут у нас
  1934 | D:4      | Gained mutation: Your touch may inflict minor irresistible
                  | damage on your foes. [demonic ancestry]
  1934 | D:4      | Reached XP level 5. HP: 23/41 MP: 5/5
  2437 | D:3      | Noticed a sky beast
  2450 | D:3      | Killed a sky beast
  2451 | D:3      | Reached skill level 5 in Short Blades
  2451 | D:3      | Gained mutation: You are mostly covered in slimy green
                  | scales. (AC +3) [demonic ancestry]
  2451 | D:3      | Reached XP level 6. HP: 47/47 MP: 6/6
  2452 | D:3      | Reached **** piety under Uskayaw
  2463 | D:3      | Upgraded the game from 0.28-a0-1174-g766a6a42ef to
                  | 0.28-a0-1184-g53156a8862
  2577 | D:2      | Noticed Terence
  2605 | D:2      | Killed Terence
  3810 | D:1      | Found a faded altar of an unknown god.
  4562 | D:3      | Reached skill level 1 in Invocations
  4597 | D:3      | Noticed Jessica
  4604 | D:3      | Killed Jessica
  4635 | D:3      | Gained mutation: Spells you cast may paralyse nearby
                  | enemies. [demonic ancestry]
  4635 | D:3      | Reached XP level 7. HP: 17/52 MP: 6/8
  4786 | D:3      | Killed Sigmund
  5422 | D:5      | Reached skill level 6 in Short Blades
  5723 | D:5      | Reached XP level 8. HP: 60/60 MP: 10/10
  6380 | D:6      | Found a runed translucent door.
  6471 | D:6      | Found a basalt altar of Yredelemnul.
  6558 | D:6      | Reached skill level 7 in Short Blades
  7345 | D:6      | Killed from afar by an orc priest

Illustrated notes

Levels and vault maps discovered:
D:1:      dpeg_arrival_snail, layout_basic, chequers_ecumenical_altar_simple
D:2:      layout_loops_ring, minmay_octomino_j4, uniq_crazy_yiuf_cottage,
          uniq_terence
D:3:      wander_river, layout_rooms, corner_web_ring, uniq_sigmund,
          uniq_jessica
D:4:      layout_basic, minmay_temple_entry_arrows,
          hangedman_abyss_or_decor_passed, hangedman_decor_push
D:5:      layout_cave_pools, kennysheep_boxes
D:6:      layout_basic, dk_yredelemnul_ordeal, serial_co_window_serial,
          co_window_corner_a, co_window_corner_a, co_window_of_opportunity_a,
          co_window_corner_a, co_window_corner_a, co_window_corner_b,
          co_window_broadway_c, co_window_of_opportunity_b, glass_columns_a
Temple:   mainiacjoe_temple_circle_huts

Skill      XL: |  1  2  3  4  5  6  7  8 |
---------------+-------------------------+-----
Short Blades   | 2 3 4 5 6 7 |  7.2
Stealth        | 5 6 |  6.0
Dodging        | 2 3 |  3.8
Invocations    | 1 3 4 |  4.7
Fighting       | 4 |  4.8

Action                   |  1- 3 |  4- 6 |  7- 9 || total
-------------------------+-------+-------+-------++-------
Melee: Short sword       |    98 |   192 |   190 ||   480
       Touch             |       |    37 |    36 ||    73
  Use: Scroll            |       |       |     3 ||     3
 Stab: Sleeping          |     1 |    26 |    10 ||    37
       Paralysed         |       |     4 |     3 ||     7
Armor: Leather armour    |    26 |    66 |    54 ||   146
Dodge: Dodged            |    62 |    94 |    86 ||   242

Table legend: (Time is in decaauts)
 A = Elapsed time spent in this place.
 B = Non-inter-level travel time spent in this place.
 C = Inter-level travel time spent in this place.
 D = Time resting spent in this place.
 E = Time spent auto-exploring this place.
 F = Levels seen in this place.
 G = Mean time per level.
                   A        B        C        D        E       F      G
               +--------+--------+--------+--------+--------+-----+--------+
         Total |   7306 |   7040 |    266 |   1149 |   4566 |   7 | 1043.7 |
       Dungeon |   6341 |   6136 |    205 |    668 |   4257 |   6 | 1056.8 |
        Temple |    964 |    903 |     61 |    481 |    309 |   1 |  964.0 |
               +--------+--------+--------+--------+--------+-----+--------+

Top non-repeatable levels by time:
     D:4: 1550 daAuts
     D:2: 1176 daAuts
     D:6: 1088 daAuts
     D:5: 972 daAuts
  Temple: 964 daAuts
     D:1: 840 daAuts
     D:3: 713 daAuts
